 Dungeon Crawl Stone Soup version 0.29.1-2-gbd0b4ee654 (webtiles) character file.

Game seed: 13085316249856936820

81909 Icepheonix32 the Martial Artist (level 14, 0/100 HPs)
             Began as a Demigod Transmuter on Nov 4, 2022.
             Killed from afar by a catoblepas (8 damage)
             ... with a blast of calcifying dust
             ... on level 5 of the Lair of Beasts.
             The game lasted 00:59:08 (25193 turns).

Icepheonix32 the Martial Artist (DgTm)             Turns: 25193, Time: 00:59:09

Health: 0/100      AC: 21    Str: 10    XL:     14   Next: 88%
Magic:  21/27      EV: 18    Int: 31    God:
Gold:   534        SH:  0    Dex: 17    Spells: 9/24 levels left

rFire   . . .      SeeInvis .     - Unarmed
rCold   . . .      Faith    .   (no shield)
rNeg    . . .      Spirit   .   C - +5 steam dragon scales
rPois   .          Reflect  .   (no helmet)
rElec   .          Harm     .   k - +2 cloak
rCorr   .          Rampage  .   l - +0 pair of gloves
Will    ++...                   E - +2 pair of boots
Stlth   ++........              (no amulet)
HPRegen 0.26/turn               y - +4 ring of protection
MPRegen 0.20/turn               J - ring of willpower

@: no status effects
A: high MP 1, forlorn, divine attributes, clever 1
a: no special abilities


You were on level 5 of the Lair of Beasts.
You visited 3 branches of the dungeon, and saw 15 of its levels.
You also visited: Sewer.

You collected 1386 gold pieces.
You spent 852 gold pieces at shops.

Inventory:

Hand Weapons
 c - a +1 mace of holy wrath
Missiles
 a - 4 curare-tipped darts
 f - 3 silver boomerangs
 u - 2 throwing nets
 w - 10 boomerangs
Armour
 b - a +3 leather armour of cold resistance
 k - a +2 cloak (worn)
 l - a +0 pair of gloves (worn)
 C - +5 steam dragon scales (worn)
 E - a +2 pair of boots (worn)
Magical Staves
 F - a staff of air
 K - a staff of fire
Jewellery
 t - a ring of fire
 y - a +4 ring of protection (left hand)
 J - a ring of willpower (right hand)
Wands
 m - a wand of flame (25)
 v - a wand of iceblast (24)
 B - a wand of mindburst (9)
 D - a wand of quicksilver (8)
 L - a wand of paralysis (14)
Scrolls
 e - 3 scrolls of teleportation
 g - a scroll of blinking
 n - 2 scrolls of vulnerability
 q - a scroll of torment
 G - 3 scrolls of magic mapping
 H - a scroll of butterflies
 I - a scroll of identify
 M - a scroll of poison
Potions
 d - a potion of might
 i - 13 potions of curing
 j - 2 potions of cancellation
 o - a potion of invisibility
 p - 3 potions of flight
 r - 5 potions of attraction
 s - a potion of berserk rage
 x - 3 potions of mutation
 z - 2 potions of brilliance
 A - 3 potions of lignification
 O - a potion of haste
 P - a potion of heal wounds
Miscellaneous
 h - a box of beasts
 N - a lightning rod (4/4)


   Skills:
 + Level 2.7 Fighting
 * Level 11.1 Dodging
 + Level 13.1 Unarmed Combat
 + Level 5.8 Spellcasting
 * Level 10.9 Transmutations
 - Level 4.1 Ice Magic
 - Level 9.0 Air Magic
 - Level 3.0 Poison Magic


You had 9 spell levels left.
You knew the following spells:

 Your Spells              Type           Power      Damage    Failure   Level
a - Beastly Appendage     Tmut           100%       N/A       1%          1
b - Spider Form           Tmut/Pois      51%        N/A       1%          3
c - Wereblood             Tmut           67%        N/A       1%          2
d - Ice Form              Ice/Tmut       54%        N/A       2%          4
e - Blade Hands           Tmut           33%        N/A       1%          5

Your spell library contained the following spells:

 Spells                   Type           Power      Damage    Failure   Level
 Scorch                   Fire           18%        2d5       8%          2
 Summon Lightning Spire   Summ/Air       37%        N/A       8%          4
 Dazzling Flash           Conj/Hex       18%        N/A       16%         3
 Animate Armour           Summ/Erth      18%        N/A       45%         4
 Flame Wave               Conj/Fire      9%         2d6       45%         4
 Fulminant Prism          Conj/Hex       4%         3d6       45%         4
 Iskenderun's Mystic Bla  Conj/Tloc      9%         2d4       45%         4
 Storm Form               Tmut/Air       31%        N/A       56%         7
 Lee's Rapid Deconstruct  Erth           4%         3d6*      80%         5
 Iron Shot                Conj/Erth      4%         9d2       100%        6
 Starburst                Conj/Fire      4%         6d4       100%        6
 Summon Cactus Giant      Summ           4%         N/A       100%        6
 Maxwell's Capacitive Co  Air            30%        ∞         100%        8


Dungeon Overview and Level Annotations

Branches:
Dungeon (9/15)             Temple (0/1) D:5            Lair (5/5) D:8
  Swamp (0/4) Lair:3       Spider (0/4) Lair:3        Slime (0/5) Lair:4
    Orc (1/2) D:9           Sewer (visited)

Shops:
D:3 [   D:6 [!:*(

Annotations:
Lair:3 exclusion: oklob plant


Innate Abilities, Weirdness & Mutations

You have an increased reservoir of magic. (+10% MP)
You shall have no god before yourself.
Your divine heritage dramatically boosts your attributes as you level up.
Your mind is acute. (Int +4, Str/Dex -1)


Message History

You slash the catoblepas!
The catoblepas is severely wounded.
The catoblepas misses you.
You hit the catoblepas.
The catoblepas is almost dead.
The catoblepas breathes a plume of calcifying dust at you.
The blast of calcifying dust hits you.
You hit the catoblepas but do no damage.
The catoblepas is almost dead.
You are engulfed in calcifying dust.
You are slowing down.
You feel limber!
Your magical effects are unravelling.
You feel magically purged.
You howl as the wereblood boils in your veins!
You are engulfed in calcifying dust.
Your hands revert to their normal proportions.
Your +0 pair of gloves unmelds from your body.
Your primal bloodlust has ended.
The catoblepas misses you.
The catoblepas gores you but does no damage.
Unknown command.
The catoblepas attacks as you move away!
The catoblepas gores you!
* * * LOW HITPOINT WARNING * * *
Okay, then.
Unknown command.
The catoblepas breathes a plume of calcifying dust at you.
The blast of calcifying dust hits you but does no damage.
The death yak is engulfed in calcifying dust.
The death yak is moving more slowly.
The death yak gores you!!
* * * LOW HITPOINT WARNING * * *
The catoblepas breathes a plume of calcifying dust at you.
The blast of calcifying dust hits you but does no damage.
The death yak is engulfed in calcifying dust.
The death yak stops moving altogether!
The death yak is engulfed in calcifying dust.
The catoblepas breathes a plume of calcifying dust at you.
The blast of calcifying dust hits you!
You die...

#..#..P...#. #.
###........... .#
#.#.#.......P. ..
##..#P......P. .#
##............ #
#...P.<.......
#P....§......#....
##....§.....#....
##..@P§.........##
#....§§..........#
##.††§§§#......$.#
##..#§Y.........#.
##....YY...........
#......§....†......
##....Y§...†##.....
#...#..#..#†# ...
##........##†.# .


There were no monsters in sight!

Vanquished Creatures
  2 dire elephants (Lair:2)
  5 hydras
  A catoblepas (Lair:3)
  3 death yaks (Lair:5)
  A two-headed ogre (D:8)
  An alligator (Lair:2)
  Nergalle (Lair:3)
  A fire crab (Lair:2)
  12 elephants
  A black mamba (Lair:2)
  A torpor snail (Lair:4)
  12 cane toads
  Maggie (D:7)
  3 rime drakes
  4 komodo dragons
  6 polar bears
  A troll (D:8)
  2 slime creatures (Lair:4)
  6 dream sheep
  A merfolk (D:8)
  13 blink frogs
  A vampire (D:6)
  18 yaks
  3 wyverns
  Grum (Lair:1)
  2 hogs (D:8)
  6 steam dragons
  Edmund (D:6)
  10 water moccasins
  Pargi (Sewer)
  10 orc warriors
  6 sky beasts
  An ice beast (D:5)
  14 black bears
  2 ogres
  17 wolves
  5 centaurs
  A phantom (D:4)
  5 kobold brigands
  15 bullfrogs
  A gnoll sergeant (D:8)
  2 necrophages
  5 scorpions
  9 wights
  11 killer bees (D:9)
  3 howler monkeys
  8 electric eels
  7 hounds
  5 jellies
  9 orc priests
  Crazy Yiuf (D:2)
  2 iguanas
  16 orc wizards
  15 adders
  A shadow imp (D:6)
  A white imp (D:7)
  An ufetubus (D:7)
  3 worms
  A dart slug (D:1)
  55 orcs
  2 bats
  12 endoplasms
  6 giant cockroaches
  A goblin (D:2)
  7 hobgoblins
  2 jackals (D:2)
  22 kobolds
  4 quokkas
  6 ball pythons
  A frilled lizard (D:3)
  9 rats
425 creatures vanquished.

Vanquished Creatures (others)
  23 fungi
  49 plants
72 creatures vanquished.

Grand Total: 497 creatures vanquished

Notes
Turn   | Place    | Note
-------+----------+-------------------------------------------
     0 | D:1      | Icepheonix32 the Demigod Transmuter began the quest for the
                  | Orb.
     0 | D:1      | Reached XP level 1. HP: 15/15 MP: 5/5
   307 | D:1      | Reached skill level 3 in Unarmed Combat
   307 | D:1      | Reached XP level 2. HP: 16/22 MP: 7/7
  1700 | D:2      | Reached XP level 3. HP: 20/27 MP: 6/8
  2292 | D:2      | Found a runed translucent door.
  2293 | D:2      | Noticed Crazy Yiuf
  2466 | D:2      | Learned a level 3 spell: Spider Form
  2568 | D:2      | Learned a level 2 spell: Wereblood
  2578 | D:2      | Reached XP level 4. HP: 20/34 MP: 6/10
  2866 | D:2      | Killed Crazy Yiuf
  3160 | D:3      | Found Puvest's Antique Armour Shop.
  4263 | D:3      | Reached skill level 1 in Poison Magic
  4263 | D:3      | Reached XP level 5. HP: 16/39 MP: 6/11
  4453 | D:4      | Noticed a steam dragon
  4476 | D:4      | Killed a steam dragon
  4477 | D:4      | Reached skill level 4 in Unarmed Combat
  4477 | D:4      | Reached XP level 6. HP: 18/46 MP: 8/13
  4700 | D:4      | Learned a level 4 spell: Ice Form
  5336 | D:5      | Entered Level 5 of the Dungeon
  5361 | D:5      | Reached XP level 7. HP: 51/51 MP: 11/14
  5420 | D:5      | Reached skill level 1 in Ice Magic
  5535 | D:5      | Found a staircase to the Ecumenical Temple.
  5554 | D:5      | Reached skill level 5 in Unarmed Combat
  6495 | D:6      | Noticed Edmund
  6508 | D:6      | Killed Edmund
  6662 | D:6      | Found a glowing drain.
  6666 | Sewer    | Entered a sewer
  6805 | Sewer    | Noticed Pargi
  6814 | Sewer    | Killed Pargi
  7042 | D:6      | Reached skill level 6 in Unarmed Combat
  7102 | D:6      | Reached XP level 8. HP: 58/58 MP: 12/16
  7789 | D:7      | Reached skill level 7 in Unarmed Combat
  8141 | D:7      | HP: 2/58 [steam dragon (9)]
  8902 | D:7      | Reached XP level 9. HP: 50/63 MP: 18/18
  9021 | D:7      | Noticed Maggie
  9032 | D:7      | Killed Maggie
  9033 | D:7      | Reached skill level 8 in Unarmed Combat
  9144 | D:7      | Reached skill level 1 in Fighting
  9144 | D:7      | Reached skill level 5 in Transmutations
  9285 | D:7      | Reached skill level 5 in Dodging
  9485 | D:8      | Reached skill level 9 in Unarmed Combat
  9805 | D:6      | Found Bipyth's Armour Boutique.
  9924 | D:3      | Bought a pair of embroidered boots for 247 gold pieces
  9937 | D:3      | Gained mutation: Your mind is acute. (Int +4, Str/Dex -1)
                  | [potion of mutation]
 10456 | D:6      | Found Piholetie's Weapon Shop.
 10485 | D:6      | Found Ifofit's Distillery.
 10491 | D:6      | Bought a potion of curing for 33 gold pieces
 10491 | D:6      | Bought 2 potions of might for 88 gold pieces
 10880 | D:6      | Found Cycud's Book Shoppe.
 10883 | D:6      | Found Zoughig's General Store.
 11404 | D:8      | Reached skill level 1 in Air Magic
 11503 | D:8      | Reached XP level 10. HP: 41/71 MP: 15/20
 13124 | D:8      | Reached skill level 10 in Unarmed Combat
 13124 | D:8      | Reached skill level 5 in Spellcasting
 13844 | D:8      | Noticed a two-headed ogre
 13883 | D:8      | Killed a two-headed ogre
 14051 | D:8      | Found a staircase to the Lair.
 15125 | D:9      | Reached skill level 11 in Unarmed Combat
 15553 | D:9      | Reached XP level 11. HP: 79/79 MP: 17/22
 15774 | D:9      | Found a staircase to the Orcish Mines.
 15786 | Orc:1    | Entered Level 1 of the Orcish Mines
 16699 | D:6      | Bought a book of the Sky for 484 gold pieces
 16707 | D:6      | Learned a level 7 spell: Storm Form
 16830 | Lair:1   | Entered Level 1 of the Lair of Beasts
 16860 | Lair:1   | Reached skill level 5 in Air Magic
 16929 | Lair:1   | You fall into a shaft and drop 1 floor!
 18165 | Lair:1   | Noticed Grum
 18181 | Lair:1   | Killed Grum
 18712 | Lair:1   | Learned a level 5 spell: Blade Hands
 19113 | Lair:2   | Noticed an alligator
 19115 | Lair:2   | Noticed a six-headed hydra
 19123 | Lair:2   | Killed an alligator
 19480 | Lair:2   | Noticed a fire crab
 19724 | Lair:2   | Killed a fire crab
 19855 | Lair:2   | Killed a six-headed hydra
 20195 | Lair:2   | Noticed a dire elephant
 20195 | Lair:2   | Noticed a dire elephant
 20215 | Lair:2   | Killed a dire elephant
 20216 | Lair:2   | Reached XP level 12. HP: 63/85 MP: 18/24
 20218 | Lair:2   | HP: 3/85 [dire elephant (29)]
 20691 | Lair:2   | Killed a dire elephant
 20874 | Lair:3   | Found a hole to the Spider Nest.
 21149 | Lair:3   | Reached skill level 12 in Unarmed Combat
 21398 | Lair:3   | Noticed a six-headed hydra
 21414 | Lair:2   | Killed a six-headed hydra
 21613 | Lair:2   | Reached XP level 13. HP: 92/92 MP: 25/25
 21614 | Lair:2   | Reached skill level 10 in Dodging
 21614 | Lair:2   | Reached skill level 10 in Transmutations
 21614 | Lair:2   | Reached XP level 14. HP: 99/99 MP: 26/26
 22129 | Lair:3   | Found a staircase to the Swamp.
 22161 | Lair:3   | Noticed Nergalle
 22207 | Lair:3   | Killed Nergalle
 23767 | Lair:4   | Found a staircase to the Slime Pits.
 24340 | Lair:5   | Entered Level 5 of the Lair of Beasts
 25143 | Lair:5   | Reached skill level 13 in Unarmed Combat
 25193 | Lair:5   | Killed from afar by a catoblepas

Illustrated notes

Levels and vault maps discovered:
D:1:      elethiomel_arrival_fortress_basement, layout_rooms,
          hellmonk_ecumenical_altar_zigzags, dk_noncrumbling_2, minmay_cut_off
D:2:      layout_loops_ring, basic_altar, uniq_crazy_yiuf_cottage
D:3:      layout_rooms, lemuel_coloured_pillars_altar, serial_shops,
          nicolae_shop_trees
D:4:      layout_rooms, kennysheep_little_box, chequers_serial_rivers_marsh,
          roderic_three_in_a_row
D:5:      layout_basic, minmay_temple_entry_sparse_star, grunt_ministairs_12
D:6:      layout_loops_ring, gup_sewer_entry_spiral, serial_shops,
          kennysheep_mini, shop, nicolae_shop_bloodbath_and_beyond,
          nicolae_shop_statue_plus, kennysheep_mini_moat, uniq_edmund
D:7:      layout_loops_corners, tso_metal_star, hangedman_abyss_or_decor_slice,
          hangedman_misty_isle, uniq_maggie
D:8:      kennysheep_town
D:9:      mumra_celtic_spiral_tile, layout_irregular_city, hiddenorc2_lemuel,
          serial_column_ruins, column_ruins_hut_pillars,
          column_ruins_columns_straight, column_ruins_open_tiny,
          column_ruins_open_tiny, column_ruins_grid_3, column_ruins_grid_1,
          column_ruins_corridor_straight
Lair:1:   layout_chaotic_city, uniq_grum
Lair:2:   layout_gridlike, nicolae_lair_lakeside_cave
Lair:3:   layout_gridlike, palyth_hydra_swamp_entry,
          spider_nest_entry_web_field, minmay_lair_oklob_bushes, uniq_nergalle
Lair:4:   layout_roguey, minmay_slime_entry_pillars,
          chequers_serial_rivers_small_3, serial_bayou_shore_b
Lair:5:   grunt_lair_end_beastmaster, layout_long_grid, st_stairs_7
Orc:1:    layout_caves, serial_shops, nicolae_diamond_shop

Skill      XL: |  1  2  3  4  5  6  7  8  9 10 11 12 13 14 |
---------------+-------------------------------------------+-----
Transmutations | 2 3 4 5 8 9 10 | 10.9
Unarmed Combat | 3 4 6 7 9 11 12 13 | 13.1
Spellcasting   | 2 3 4 5 |  5.8
Dodging        | 2 3 4 5 6 7 9 10 11 | 11.1
Poison Magic   | 1 2 3 |  3.0
Ice Magic      | 2 3 4 |  4.1
Fighting       | 1 2 |  2.7
Air Magic      | 1 2 6 8 9 |  9.0

Action                   |  1- 3 |  4- 6 |  7- 9 | 10-12 | 13-15 || total
-------------------------+-------+-------+-------+-------+-------++-------
Melee: Unarmed           |   122 |   176 |   359 |   573 |   297 ||  1527
       Kick              |    14 |    14 |       |       |       ||    28
       Headbutt          |    12 |     7 |       |       |       ||    19
       Punch             |     1 |       |     1 |    13 |    25 ||    40
Throw: Dart              |       |       |       |     2 |       ||     2
 Cast: Beastly Appendage |    23 |    11 |       |       |       ||    34
       Spider Form       |     1 |     8 |    26 |    12 |       ||    47
       Wereblood         |       |     3 |     8 |    15 |    10 ||    36
       Ice Form          |       |     1 |    17 |    27 |     5 ||    50
       Blade Hands       |       |       |       |    15 |    18 ||    33
Evoke: Wand              |       |       |     4 |     3 |       ||     7
  Use: Potion            |       |     4 |     6 |     5 |     3 ||    18
       Scroll            |       |    10 |     7 |    15 |       ||    32
 Stab: Sleeping          |     2 |     1 |     2 |       |       ||     5
       Distracted        |       |       |     1 |       |       ||     1
       Petrified         |       |       |       |       |    10 ||    10
Armor: Robe              |    14 |    25 |     5 |       |       ||    44
       Skin              |     1 |     9 |    86 |   170 |    20 ||   286
       Leather armour    |       |       |    17 |    15 |       ||    32
       Steam dragon scal |       |       |       |    74 |    85 ||   159
Dodge: Dodged            |    73 |   126 |   219 |   503 |   231 ||  1152
